 Dungeon Crawl Stone Soup version 0.29.1-12-g30fa7ad0bf (webtiles) character file.

Game seed: 16797978905361947027

4 xzight the Firebug (level 1, 0/10 HPs)
             Began as a Deep Elf Fire Elementalist on Dec 22, 2022.
             Constricted to death by a ball python (1 damage)
             ... on level 1 of the Dungeon.
             The game lasted 00:02:24 (246 turns).

xzight the Firebug (Deep Elf Fire Elementalist)      Turns: 246, Time: 00:02:24

Health: 0/10       AC:  2    Str:  5    XL:     1   Next: 58%
Magic:  5/6        EV: 10    Int: 19    God:
Gold:   0          SH:  0    Dex: 15    Spells: 5/6 levels left

rFire   . . .      SeeInvis .   (no weapon)
rCold   . . .      Faith    .   (no shield)
rNeg    . . .      Spirit   .   a - +0 robe
rPois   .          Reflect  .   (no helmet)
rElec   .          Harm     .   (no cloak)
rCorr   .          Rampage  .   (no gloves)
Will    .....                   (no boots)
Stlth   ++........              (no amulet)
HPRegen 0.03/turn               (no ring)
MPRegen 0.10/turn               (no ring)

@: constricted
A: no striking features
a: no special abilities


You were on level 1 of the Dungeon.
You visited 1 branch of the dungeon, and saw 1 of its levels.


   Skills:
 + Level 2.8 Dodging
 - Level 2.4 Stealth
 + Level 3.1 Spellcasting
 + Level 1.1 Conjurations
 + Level 3.2 Fire Magic


You had 5 spell levels left.
You knew the following spells:

 Your Spells              Type           Power      Damage    Failure   Level
a - Foxfire               Conj/Fire      44%        2x1d6     6%          1

Your spell library contained the following spells:

 Spells                   Type           Power      Damage    Failure   Level
 Scorch                   Fire           30%        2d6       6%          2
 Conjure Flame            Conj/Fire      11%        6-21      19%         3
 Inner Flame              Hex/Fire       9%         N/A       22%         3
 Flame Wave               Conj/Fire      11%        2d6       52%         4

Inventory:

Armour
 a - a +0 robe (worn)
Scrolls
 e - a scroll of acquirement {unknown}
 f - a scroll of poison {unknown}
Potions
 b - a potion of magic
 c - a potion of attraction {unknown}
 d - a potion of ambrosia {unknown}

Dungeon Overview and Level Annotations

Branches:
Dungeon (1/15)

Altars:

###...# #####......... .....+
....>....... #...# #...##.#
#####...#########.....###
........'..........##...#####
####...#############........
+...+ .## #.####.####
.#####...#####ยง.####.###....##
..........JKS@v..+..<..+.##..#
..####...###########.#######.#
#.....#....#.............#.#
#.###.#J#.#####.#####.####.# #
#........###.#####.####.#
#......#.##.........##..#
###.#...#.######.######.##
.........$+...........'...
###.###.########.#######..


You could see an endoplasm, a ball python (ally target) and a kobold.


Message History

The kobold attacks as you move away! The kobold hits you but does no damage.
The bat closely misses you.
Found 7 gold pieces.
The bat hits you but does no damage. The bat attacks as you move away!
The bat hits you but does no damage. The bat closely misses you.
A ball python comes into view.
The bat completely misses you. The bat misses you.
The ball python hisses angrily.
The bat barely misses you. The kobold attacks as you move away!
The kobold hits you with a +0 short sword.
The ball python bites you.
* * * LOW HITPOINT WARNING * * *
The ball python closely misses you. The ball python bites you.
* * * LOW HITPOINT WARNING * * *
The ball python closely misses you.
The ball python attacks as you move away!
The ball python barely misses you. x2
Casting: Foxfire (safe; 6% risk of failure)
Confirm with . or Enter, or press ? or * to list all spells.
You conjure some foxfire!
The ball python closely misses you. The ball python grabs you.
The ball python constricts you.
* * * LOW HITPOINT WARNING * * *
The ball python bites you.
* * * LOW HITPOINT WARNING * * *
The ball python constricts you.
You die...

Action                   || total
-------------------------++-------
 Cast: Foxfire           ||    14
Armor: Robe              ||     7
Dodge: Dodged            ||    19

Levels and vault maps discovered:
D:1:      shiori_shiawase, layout_basic, hellmonk_ecumenical_altar_crossroads,
          minmay_unequal

Notes
Turn   | Place    | Note
-------+----------+-------------------------------------------
     0 | D:1      | xzight the Deep Elf Fire Elementalist began the quest for
                  | the Orb.
     0 | D:1      | Reached XP level 1. HP: 10/10 MP: 6/6
   173 | D:1      | Found a faded altar of an unknown god.
   246 | D:1      | HP: 1/10 [ball python (1)]
   246 | D:1      | Constricted to death by a ball python

Vanquished Creatures
  An endoplasm (D:1)
  A goblin (D:1)
  A bat (D:1)
  A frilled lizard (D:1)
  A kobold (D:1)
5 creatures vanquished.

Vanquished Creatures (others)
  16 foxfires (D:1)
16 creatures vanquished.

Grand Total: 21 creatures vanquished

Table legend: (Time is in decaauts)
 A = Elapsed time spent in this place.
 B = Non-inter-level travel time spent in this place.
 C = Inter-level travel time spent in this place.
 D = Time resting spent in this place.
 E = Time spent auto-exploring this place.
 F = Levels seen in this place.
 G = Mean time per level.
                   A        B        C        D        E       F      G
               +--------+--------+--------+--------+--------+-----+--------+
         Total |    246 |    246 |      0 |      0 |    145 |   1 |  246.0 |
       Dungeon |    246 |    246 |      0 |      0 |    145 |   1 |  246.0 |
               +--------+--------+--------+--------+--------+-----+--------+

Top non-repeatable levels by time:
     D:1: 246 daAuts

Table legend:
 A = Non-vault XP
 B = Vault XP
 C = Vault XP percentage of total XP
 D = Non-vault monster count
 E = Vault monster count
 F = Vault count percentage of total count
                 A         B        C        D         E       F
            +---------+---------+-------+---------+---------+-------
      Total |       3 |       4 |  57.1 |       2 |       3 |  60.0
            +---------+---------+-------+---------+---------+-------
        D:1 |       3 |       4 |  57.1 |       2 |       3 |  60.0
            +---------+---------+-------+---------+---------+-------
